 Dungeon Crawl Stone Soup version 0.29-a0-284-gf9362112df (webtiles) character file.

Game seed: 6785323172410488865

3839 enile the Fighter (level 10, -5/80 HPs)
             Began as a Djinni Fire Elementalist on Mar 14, 2022.
             Was a High Priest of Makhleb.
             Killed by the air
             ... invoked by Gastronok
              (30 damage)
             ... on level 8 of the Dungeon.
             The game lasted 00:13:13 (8473 turns).

enile the Fighter (Djinni Fire Elementalist)        Turns: 8473, Time: 00:13:14

Health: -5/80      AC:  3    Str:  7    XL:     10   Next: 40%
Gold:   443        EV: 15    Int: 26    God:    Makhleb [*****.] SH:  0 Dex: 19

rFire   + + +      SeeInvis .   n - +4 dagger (protect)
rCold   x . .      Faith    .   (no shield)
rNeg    . . .      Spirit   .   q - +1 robe "Peheacoreqa" {Dex+4}
rPois   ∞          Reflect  .   (no helmet)
rElec   .          Harm     .   s - scarf {rC+ rF+}
rCorr   .          Rampage  .   (no gloves)
Will    +....                   (boots unavailable)
Stlth   +++.......              B - amulet of regeneration
HPRegen 1.03/turn               c - +6 ring of intelligence
MPRegen 0.00/turn               h - ring of fire

@: flying, studying Crossbows, invisible
A: sickness immunity, fire resistance 2, cold vulnerability 1, float, innate
caster, HP casting, extra vitality 1
a: Renounce Religion, Minor Destruction, Lesser Servant of Makhleb, Major
Destruction, Greater Servant of Makhleb


You were on level 8 of the Dungeon.
You worshipped Makhleb.
Makhleb was extremely pleased with you.
You visited 1 branch of the dungeon, and saw 8 of its levels.
You also visited: Ossuary.

You collected 443 gold pieces.

Inventory:

Hand Weapons
 n - a +4 dagger of protection (weapon)
 z - a +1 hand crossbow
Armour
 a - a +2 robe
 q - the +1 robe "Peheacoreqa" (worn) {Dex+4}
   (You found it on level 4 of the Dungeon)

   Dex:       It affects your dexterity (+4).
 r - +0 steam dragon scales
 s - a scarf of resistance (worn)
Jewellery
 c - a +6 ring of intelligence (left hand)
 h - a ring of fire (right hand)
 j - a ring of protection from cold
 B - an amulet of regeneration (around neck)
Wands
 m - a wand of charming (12)
 v - a wand of iceblast (8)
 w - a wand of polymorph (13)
 x - a wand of acid (2)
Scrolls
 b - 3 scrolls of identify {unknown}
 d - a scroll of enchant armour
 e - 5 scrolls of teleportation
 i - 3 scrolls of magic mapping {unknown}
 o - a scroll of noise {unknown}
 y - a scroll of blinking {unknown}
 D - 2 scrolls of fear {unknown}
 E - a scroll of summoning {unknown}
 G - a scroll of torment {unknown}
Potions
 f - 3 potions of might {unknown}
 g - 3 potions of brilliance
 k - a potion of magic {unknown}
 l - a potion of invisibility
 p - 3 potions of mutation {unknown}
 t - 2 potions of cancellation {unknown}
 u - 3 potions of haste {unknown}
 A - a potion of degeneration {unknown}
 C - a potion of curing {unknown}
 F - a potion of heal wounds {unknown}


   Skills:
 - Level 10.0 Fighting
 - Level 5.0 Dodging
 - Level 3.0 Stealth
 + Level 7.4 Spellcasting


You couldn't memorise any spells.
You knew the following spells:

 Your Spells              Type           Power      Damage    Failure   Level
a - Foxfire               Conj/Fire      100%       2x1d9     1%          1
b - Scorch                Fire           100%       2d10      1%          2
c - Inner Flame           Hex/Fire       64%        N/A       1%          3
d - Conjure Flame         Conj/Fire      64%        6-21      1%          3
e - Flame Wave            Conj/Fire      64%        2d12      2%          4
f - Pain                  Necr           100%       1d9       1%          1
g - Searing Ray           Conj           96%        2d7       1%          2
h - Portal Projectile     Hex/Tloc       96%        N/A       1%          3
i - Iskenderun's Mystic   Conj/Tloc      48%        2d11      2%          4
Your spell library was empty.

Dungeon Overview and Level Annotations

Branches:
Dungeon (8/15)             Temple (0/1) D:4         Ossuary (visited)
   Lair: D:8-11

Altars:
Makhleb
Xom
Yredelemnul

Annotations:
D:6 2 transporters, YayAnonymity's ghost, novice DsGl
D:8 Gastronok


Innate Abilities, Weirdness & Mutations

You are immune to sickness and miasma.
You are immune to poison.
Your flesh is very heat resistant. (rF++)
You are vulnerable to cold. (rC-)
You float through the air rather than walking.
You learn spells naturally, not from books.
Your magical power is your life essence.
You have superior vitality. (+4 MHP)


Message History

Casting: Foxfire (safe; 1% risk of failure)
Confirm with . or Enter, or press ? or * to list all spells.
You feel a surge of power!
You conjure some foxfire!
The foxfire hits the bullfrog.
The bullfrog is moderately wounded.
Gastronok looks at you and mumbles some strange words.
You barely resist.
The foxfire hits the bullfrog.
The bullfrog is heavily wounded.
Aiming: Iceblast
Press: ? - help, Shift-Dir - straight line, p - Gastronok
Okay, then.
A white imp comes into view.
The foxfire hits Gastronok!
Flame seeps out of Gastronok.
Gastronok is lightly wounded.
The white imp gestures at you. The puff of frost hits you!
You feel a terrible chill!
Gastronok is engulfed in blazing flames.
Flame seeps out of Gastronok.
Aiming: Major Destruction (61% risk of failure)
Press: ? - help, Shift-Dir - straight line, f/p - Gastronok
Aim: Gastronok, wearing a +0 hat of intelligence (moderately wounded, inner flame)
You hear a mighty clap of thunder!
The bolt of lightning hits Gastronok!
Flame seeps out of Gastronok.
Gastronok is moderately wounded.
You hear an angry hiss.
The white imp hits you. The white imp freezes you.
You feel a terrible chill!
* * * LOW HITPOINT WARNING * * *
Gastronok is engulfed in blazing flames.
Flame seeps out of Gastronok.
Gastronok mumbles some strange words.
Gastronok puts on a burst of speed!
Okay, then.
It was a potion of invisibility.
You fade into invisibility!
The white imp shouts, "Turn tail, thou obnoxious tickle-brained whip-jack!"
The white imp completely misses you. The white imp closely misses you.
Gastronok waves his eye-stalks in wide circles.
You die...

......#.#>)........
......#............
.............##.##.
.......).....# #
##.....)#....# #
#...)..#...(# .#
#......#######.####
............#......#
.....##.....@.=.....
..... ##....5.......
......##..>.##......
.....☼F○....####..#.
.....°)○.../........
..#☼.##.....#.....
...w...<......#..#
..##....)).......
#...÷......##.


You could see Gastronok (inner flame, swift), a bullfrog (can't see you) and a
white imp (can't see you).

Vanquished Creatures
  A hornet (D:8)
  A yak (D:8)
  A steam dragon (D:7)
  3 water moccasins
  2 sky beasts (D:6)
  3 black bears
  An orc warrior (D:7)
  2 ogres
  3 centaurs
  3 phantoms
  A kobold brigand (D:7)
  3 bullfrogs (D:8)
  2 elf zombies (D:6)
  A scorpion (D:7)
  A necrophage (D:5)
  3 elf skeletons (D:6)
  3 killer bees
  2 howler monkeys (D:8)
  4 centaur zombies (Ossuary)
  3 hounds
  2 orc priests
  3 jellies
  3 iguanas
  9 orc wizards
  4 mummies (Ossuary)
  4 gnolls (D:3)
  6 adders
  A shadow imp (D:4)
  2 white imps
  6 worms
  35 orcs
  9 ball pythons
  6 bats
  12 endoplasms
  7 giant cockroaches
  6 goblins
  3 hobgoblins
  9 jackals
  9 quokkas
  4 frilled lizards
  4 hobgoblin zombies (Ossuary)
  13 kobolds
  An orc skeleton (D:6)
  6 rats
  A spectral hobgoblin (D:1)
208 creatures vanquished.

Vanquished Creatures (others)
  480 foxfires
  34 fungi
  29 plants (D:8)
543 creatures vanquished.

Grand Total: 751 creatures vanquished

Notes
Turn   | Place    | Note
-------+----------+-------------------------------------------
     0 | D:1      | enile the Djinni Fire Elementalist began the quest for the
                  | Orb.
     0 | D:1      | Reached XP level 1. HP: 15/15 MP: 0/0
   292 | D:1      | Reached XP level 2. HP: 19/21 MP: 0/0
   401 | D:1      | Reached skill level 1 in Fighting
   598 | D:1      | Found a faded altar of an unknown god.
   611 | D:1      | Prayed at the altar of an unknown god.
   611 | D:1      | Became a worshipper of Makhleb the Destroyer
   611 | D:1      | Reached * piety under Makhleb
   764 | D:1      | Reached XP level 3. HP: 19/28 MP: 0/0
   764 | D:1      | Learned a level 1 spell: Pain
  1245 | D:1      | Reached skill level 2 in Fighting
  1826 | D:2      | Found a shimmering altar of Xom.
  1973 | D:2      | Noticed an ogre
  1983 | D:2      | Killed an ogre
  1984 | D:2      | Reached skill level 3 in Fighting
  1984 | D:2      | Reached skill level 4 in Fighting
  1984 | D:2      | Reached XP level 4. HP: 30/37 MP: 0/0
  1984 | D:2      | Reached XP level 5. HP: 33/41 MP: 0/0
  1984 | D:2      | Learned a level 2 spell: Searing Ray
  2412 | D:2      | Reached ** piety under Makhleb
  2905 | D:3      | HP: 2/41 [cloud of flame (7)]
  3301 | D:3      | Reached XP level 6. HP: 39/47 MP: 0/0
  3952 | D:4      | Reached *** piety under Makhleb
  3953 | D:4      | Reached XP level 7. HP: 53/53 MP: 0/0
  3953 | D:4      | Learned a level 3 spell: Portal Projectile
  3965 | D:4      | Found a staircase to the Ecumenical Temple.
  4485 | D:4      | Reached skill level 5 in Fighting
  4798 | D:4      | Identified the +1 robe "Peheacoreqa" {Dex+4}
  4859 | D:5      | Entered Level 5 of the Dungeon
  4872 | D:5      | Noticed a water moccasin
  4895 | D:5      | Killed a water moccasin
  4929 | D:5      | Reached skill level 6 in Fighting
  4935 | D:5      | Reached XP level 8. HP: 55/62 MP: 0/0
  5031 | D:5      | Reached skill level 7 in Fighting
  5391 | D:5      | Reached skill level 8 in Fighting
  5908 | D:5      | Found a basalt altar of Yredelemnul.
  6183 | D:6      | Reached **** piety under Makhleb
  6193 | D:6      | Reached skill level 5 in Spellcasting
  6199 | D:6      | Reached XP level 9. HP: 61/70 MP: 0/0
  6199 | D:6      | Learned a level 4 spell: Iskenderun's Mystic Blast
  6211 | D:6      | Noticed a boulder beetle
  6216 | D:6      | Found a transporter.
  6216 | D:6      | Noticed YayAnonymity's ghost (novice DsGl)
  6223 | D:6      | Found a transporter.
  6390 | D:6      | Found a sand-covered staircase.
  6409 | Ossuary  | Entered an ossuary
  7558 | D:7      | Reached skill level 5 in Dodging
  7931 | D:8      | Noticed a hornet
  7942 | D:8      | Killed a hornet
  7943 | D:8      | Reached skill level 9 in Fighting
  7943 | D:8      | Reached XP level 10. HP: 36/78 MP: 0/0
  8131 | D:8      | Reached ***** piety under Makhleb
  8156 | D:8      | Reached skill level 10 in Fighting
  8463 | D:8      | Noticed Gastronok
  8473 | D:8      | Killed from afar by Gastronok

Illustrated notes

Levels and vault maps discovered:
D:1:      scummos_arrival_checkerplants, layout_loops_cross,
          dreamdust_ecumenical_altar_drowned_temple
D:2:      layout_basic, basic_altar
D:3:      layout_rooms, minmay_mini_jars
D:4:      layout_loops_cross, minmay_temple_entry_glassed_door,
          minmay_misc_feat_columns
D:5:      layout_basic, mainiacjoe_overflow_alcove_4, grunt_ministairs_8
D:6:      layout_cave_pools, nicolae_ossuary_entry_catacombs,
          gammafunk_ghost_arena
D:7:      layout_loops_ring, grunt_decor_one_mirror
D:8:      layout_rooms, nicolae_overflow_hidden_temple,
          due_lair_maze_entry_diamond, serial_shops, shop, uniq_gastronok

Skill      XL: |  1  2  3  4  5  6  7  8  9 10 |
---------------+-------------------------------+-----
Fighting       | 1 4 6 8 9 10 | 10.0
Spellcasting   | 3 4 5 7 |  7.4
Dodging        | 5 |  5.0
Stealth        | 3 |  3.0

Action                   |  1- 3 |  4- 6 |  7- 9 | 10-12 || total
-------------------------+-------+-------+-------+-------++-------
Melee: Unarmed           |       |     1 |       |       ||     1
       Dagger            |       |       |    28 |     3 ||    31
 Fire: Hand crossbow     |       |       |    14 |       ||    14
 Cast: Foxfire           |    89 |    70 |   122 |    15 ||   296
       Scorch            |     3 |    18 |    50 |    16 ||    87
       Inner Flame       |       |     9 |    49 |    12 ||    70
       Conjure Flame     |       |     3 |       |     1 ||     4
       Iskenderun's Myst |       |       |     1 |       ||     1
Invok: Major Destruction |       |       |       |     1 ||     1
Evoke: Wand              |       |       |     2 |       ||     2
  Use: Scroll            |       |       |     9 |       ||     9
       Potion            |       |       |     1 |     1 ||     2
 Stab: Distracted        |       |       |     1 |       ||     1
       Sleeping          |       |       |     1 |       ||     1
Armor: Robe              |     2 |     3 |    25 |     4 ||    34
Dodge: Dodged            |     1 |     9 |    47 |    43 ||   100

Table legend: (Time is in decaauts)
 A = Elapsed time spent in this place.
 B = Non-inter-level travel time spent in this place.
 C = Inter-level travel time spent in this place.
 D = Time resting spent in this place.
 E = Time spent auto-exploring this place.
 F = Levels seen in this place.
 G = Mean time per level.
                   A        B        C        D        E       F      G
               +--------+--------+--------+--------+--------+-----+--------+
         Total |   8479 |   8185 |    294 |    586 |   6135 |   9 |  942.1 |
       Dungeon |   8379 |   8085 |    294 |    586 |   6094 |   8 | 1047.4 |
       Ossuary |     99 |     99 |      0 |      0 |     41 |   1 |   99.0 |
               +--------+--------+--------+--------+--------+-----+--------+

Top non-repeatable levels by time:
     D:1: 1540 daAuts
     D:7: 1412 daAuts
     D:5: 1318 daAuts
     D:3: 1296 daAuts
     D:2: 1101 daAuts
     D:4: 917 daAuts
     D:6: 631 daAuts
     D:8: 160 daAuts
 Ossuary: 99 daAuts
